Map: Proxima Station LE

Players

PtitDrogo - Winner!

  • Race: Protoss Protoss
  • Spawn Location: 1:00

Zanster

  • Race: Zerg Zerg
  • Spawn Location: 7:00

Event: WCS Austin 2017

VOD

Have the link to the VOD?

Description

Time

  • Played on: April 28, 2017, 6:21 p.m.
  • Length: 13:22

All games in this series

Show
View Real Time Build Order
Export as new Build Order

PtitDrogo Protoss - Winner!

Build Orders: 1 Gate Expand, Oracle Opening 

Get SALT Encoding   

  12  0:01  Probe (Chrono Boost)  
  13  0:11  Probe (Chrono Boost)  
  14  0:19  Pylon  
  14  0:22  Probe (Chrono Boost)  
  15  0:37  Probe (Chrono Boost)  
  15  0:38  Gateway  
  16  0:48  Probe (Chrono Boost)  
  16  0:49  Assimilator  
  17  0:58  Probe (Chrono Boost)  
  18  1:09  Probe (Chrono Boost)  
  19  1:20  Nexus  
  19  1:24  Probe (Chrono Boost)  
  20  1:34  Cybernetics Core  
  20  1:37  Probe (Chrono Boost)  
  21  1:44  Assimilator  
  21  1:48  Probe (Chrono Boost)  
  21  1:52  Pylon  
  22  1:58  Probe (Chrono Boost)  
  23  2:07  Adept  
  23  2:11  Warp Gate  
  23  2:12  Probe (Chrono Boost)  
  27  2:24  Probe (Chrono Boost)  
  27  2:33  Probe (Chrono Boost)  
  27  2:36  Probe (Chrono Boost), Stargate  
  29  2:39  Stalker  
  29  2:43  Probe (Chrono Boost)  
  32  2:48  Probe (Chrono Boost)  
  33  2:54  Probe (Chrono Boost)  
  34  3:00  Probe (Chrono Boost)  
  34  3:04  Probe (Chrono Boost)  
  36  3:06  Adept  
  36  3:12  Probe (Chrono Boost)  
  39  3:15  Probe (Chrono Boost)  
  39  3:18  Oracle  
  40  3:26  Probe (Chrono Boost)  
  45  3:27  Probe (Chrono Boost)  
  45  3:29  Gateway  
  45  3:30  Pylon, Gateway  
  45  3:37  Probe (Chrono Boost)  
  46  3:42  Pylon  
  48  3:48  Probe (Chrono Boost)  
  48  3:50  Probe (Chrono Boost)  
  48  3:53  Oracle  
  46  4:00  Probe (Chrono Boost)  
  46  4:02  Probe (Chrono Boost)  
  50  4:10  Probe (Chrono Boost)  
  50  4:12  Nexus  
  50  4:14  Probe (Chrono Boost)  
  52  4:21  Probe (Chrono Boost)  
  53  4:24  Assimilator  
  53  4:25  Assimilator  
  53  4:26  Probe (Chrono Boost)  
  53  4:29  Pylon  
  54  4:31  Probe (Chrono Boost)  
  54  4:33  Adept x3  
  62  4:38  Probe (Chrono Boost)  
  62  4:44  Phoenix  
  62  4:48  Probe (Chrono Boost)  
  62  4:51  Mothership Core (Chrono Boost)  
  62  4:52  Pylon  
  67  4:54  Adept  
  69  5:01  Probe (Chrono Boost)  
  69  5:02  Robotics Facility  
  70  5:10  Probe (Chrono Boost)  
  71  5:18  Probe (Chrono Boost)  
  71  5:21  Twilight Council, Forge, Probe (Chrono Boost)  
  73  5:22  Zealot, Sentry  
  78  5:28  Probe (Chrono Boost)  
  78  5:34  Probe (Chrono Boost)  
  79  5:36  Probe (Chrono Boost)  
  79  5:37  Pylon  
  79  5:39  Assimilator, Probe (Chrono Boost)  
  81  5:42  Assimilator  
  81  5:45  Probe (Chrono Boost)  
  81  5:46  Probe (Chrono Boost)  
  81  5:49  Probe (Chrono Boost), Protoss Ground Weapons Level 1  
  84  5:51  Charge  
  84  5:55  Sentry, Gateway  
  84  5:56  Probe (Chrono Boost)  
  88  5:57  Probe (Chrono Boost), Gateway  
  88  6:00  Probe (Chrono Boost), Pylon  
  88  6:02  Warp Prism  
  89  6:08  Probe (Chrono Boost)  
  89  6:10  Probe (Chrono Boost)  
  94  6:12  Probe (Chrono Boost)  
  94  6:15  Pylon  
  95  6:19  Pylon  
  95  6:20  Probe (Chrono Boost)  
  95  6:22  Pylon  
  95  6:23  Probe (Chrono Boost)  
  96  6:27  Probe (Chrono Boost)  
  97  6:42  Observer  
  97  6:43  Probe (Chrono Boost)  
  99  6:47  Robotics Facility  
  99  6:49  Zealot x3  
  99  6:50  Gateway x2  
  105  7:01  Immortal, Pylon  
  105  7:02  Gateway  
  105  7:03  Templar Archives, Pylon  
  105  7:05  Pylon  
  109  7:12  Zealot x3  
  115  7:30  Nexus  
  115  7:31  Pylon  
  115  7:32  Pylon  
  115  7:33  Protoss Ground Weapons Level 2  
  115  7:40  Immortal  
  115  7:44  Psionic Storm  
  111  7:48  Pylon  
  116  7:52  Probe (Chrono Boost)  
  116  7:53  High Templar x2  
  116  7:54  High Templar x2  
  116  7:55  High Templar  
  126  8:00  Photon Cannon  
  126  8:01  Gateway  
  126  8:02  Gateway  
  126  8:09  Probe x2 (Chrono Boost)  
  125  8:14  Immortal  
  125  8:16  High Templar x2  
  125  8:17  Zealot  
  125  8:18  Immortal  
  139  8:30  Archon  
  139  8:31  Probe x2 (Chrono Boost)  
  139  8:33  Photon Cannon  
  141  8:37  Photon Cannon  
  141  8:48  Immortal  
  141  8:52  Immortal, Zealot x8  
  161  8:55  Assimilator  
  161  8:56  Assimilator, Pylon  
  161  9:00  Pylon  
  165  9:03  Pylon  
  165  9:04  High Templar x2  
  169  9:13  Pylon, Archon  
  169  9:14  Pylon  
  169  9:16  High Templar x2  
  173  9:18  Zealot  
  173  9:19  Zealot x2  
  173  9:21  Archon  
  179  9:24  Immortal  
  179  9:25  High Templar x2  
  179  9:26  Zealot  
  189  9:32  Archon  
  189  9:34  Immortal  
  189  9:35  Photon Cannon  
  193  9:47  Forge  
  191  10:00  High Templar  
  191  10:01  High Templar x3  
  191  10:05  Archon x2, Photon Cannon  
  195  10:20  Zealot x2  
  199  10:35  Zealot x3  
  187  10:41  Probe (Chrono Boost)  
  187  10:42  Zealot x5  
  184  10:44  Probe (Chrono Boost)  
  184  10:47  Immortal  
  184  10:48  Immortal  
  169  10:57  High Templar  
  169  10:58  High Templar  
  169  11:02  Stalker x5  
  169  11:03  Archon  
  183  11:11  Pylon  
  183  11:14  Pylon  
  183  11:17  Probe (Chrono Boost)  
  185  11:18  Probe (Chrono Boost)  
  185  11:29  Photon Cannon  
  185  11:30  High Templar x4  
  185  11:31  High Templar x2  
  185  11:32  Photon Cannon  
  197  11:34  Archon x2  
  197  11:35  Archon  
  197  11:37  Zealot  
  199  11:45  Photon Cannon  
  199  11:53  Zealot x2  
  200  12:00  Zealot  
  195  12:19  Zealot  
  195  12:21  Zealot x7  
  189  12:34  Zealot  
  185  12:37  Immortal  
  185  12:41  Probe (Chrono Boost)  
  185  12:42  Probe (Chrono Boost), Immortal  
  180  12:44  Zealot x3  
  183  12:52  Fleet Beacon  
  183  12:53  Zealot x4  
  183  12:54  Stargate  
  183  12:55  Stargate  
  173  13:06  Zealot x4  
  163  13:14  Zealot  
Show
View Real Time Build Order
Export as new Build Order

Zanster Zerg 

Build Orders: Hatch First 

Get SALT Encoding   

  12  0:00  Drone  
  13  0:13  Overlord  
  13  0:17  Drone  
  14  0:32  Drone x2  
  16  0:36  Drone  
  17  0:53  Hatchery  
  17  0:55  Drone  
  17  0:58  Drone  
  18  1:09  Extractor  
  17  1:13  Spawning Pool  
  17  1:16  Drone  
  17  1:19  Drone  
  18  1:30  Drone  
  19  1:40  Drone  
  20  1:51  Overlord  
  20  2:00  Queen  
  22  2:06  Queen  
  22  2:07  Zergling x4  
  26  2:10  Metabolic Boost  
  26  2:13  Drone  
  27  2:17  Drone  
  28  2:23  Drone  
  29  2:31  Drone  
  29  2:35  Drone  
  31  2:42  Hatchery  
  31  2:44  Drone  
  31  2:45  Drone  
  31  2:51  Overlord  
  32  3:00  Zergling x4  
  32  3:03  Queen  
  36  3:17  Drone x6  
  42  3:20  Drone  
  42  3:22  Drone  
  44  3:27  Overlord  
  44  3:34  Overlord  
  44  3:36  Overlord  
  44  3:49  Spore Crawler  
  44  3:50  Drone  
  44  3:52  Drone  
  44  3:54  Drone x5  
  49  3:58  Spore Crawler  
  49  3:59  Queen  
  49  4:03  Drone  
  49  4:04  Drone  
  49  4:06  Drone  
  52  4:10  Evolution Chamber  
  52  4:12  Baneling Nest  
  52  4:15  Drone, Spore Crawler  
  50  4:18  Drone  
  50  4:19  Drone  
  50  4:23  Drone  
  54  4:25  Zergling x6  
  54  4:27  Spore Crawler  
  55  4:35  Zergling x4  
  55  4:37  Overlord  
  57  4:41  Lair  
  57  4:42  Drone x2  
  57  4:43  Extractor  
  57  4:44  Drone  
  59  4:46  Drone  
  59  4:48  Drone x2  
  59  4:52  Drone x2  
  63  4:53  Drone  
  63  4:55  Drone  
  63  4:58  Zerg Melee Weapons Level 1  
  63  4:59  Drone  
  66  5:01  Drone  
  66  5:02  Drone  
  66  5:08  Overlord  
  66  5:12  Drone  
  65  5:15  Zergling x12  
  65  5:18  Baneling x3  
  65  5:19  Baneling  
  65  5:21  Overlord  
  71  5:25  Overlord  
  71  5:32  Drone x6  
  74  5:40  Drone x2  
  74  5:41  Drone x2  
  74  5:42  Drone, Overseer  
  79  5:44  Overlord  
  79  5:50  Drone x2  
  79  5:51  Drone x3  
  79  5:52  Extractor  
  79  5:53  Drone  
  79  5:54  Extractor  
  83  5:57  Overlord, Extractor  
  83  5:59  Pneumatized Carapace  
  83  6:00  Drone x3  
  84  6:05  Drone  
  84  6:06  Drone  
  86  6:13  Overlord  
  86  6:16  Drone x2  
  88  6:19  Hydralisk Den  
  88  6:20  Overlord  
  88  6:24  Drone  
  88  6:25  Hatchery  
  87  6:26  Drone x2  
  88  6:35  Overlord  
  88  6:40  Drone x3, Extractor  
  88  6:43  Overlord  
  88  6:45  Drone, Hatchery  
  88  6:47  Centrifical Hooks  
  90  6:48  Muscular Augments, Zergling x2  
  90  6:49  Zergling x10  
  90  6:52  Zergling x6  
  99  6:55  Overlord  
  99  6:59  Zerg Melee Weapons Level 2  
  99  7:03  Evolution Chamber  
  99  7:04  Overlord  
  98  7:09  Drone x4  
  98  7:13  Overlord  
  102  7:16  Hydralisk x4  
  102  7:17  Hydralisk  
  102  7:20  Hydralisk  
  113  7:22  Overlord  
  113  7:29  Hydralisk x3  
  116  7:38  Zerg Missile Weapons Level 1  
  116  7:40  Zergling x14  
  119  7:46  Drone  
  119  7:49  Hydralisk x3  
  119  7:50  Zergling x2  
  126  7:56  Overlord  
  126  8:00  Hydralisk x3  
  126  8:01  Zergling x2  
  126  8:04  Baneling x4  
  133  8:12  Hydralisk x2  
  137  8:14  Overlord  
  137  8:17  Spore Crawler  
  136  8:24  Hydralisk x2  
  140  8:30  Hydralisk x4  
  140  8:31  Zergling x12  
  140  8:33  Overlord  
  154  8:35  Overlord  
  154  8:39  Overlord  
  154  8:40  Baneling x2  
  154  8:45  Hydralisk  
  154  8:46  Hydralisk x3  
  162  8:49  Overlord  
  162  8:58  Hydralisk x4  
  162  8:59  Zergling x6  
  173  9:04  Hydralisk x2  
  173  9:05  Zergling x4  
  179  9:10  Hydralisk  
  179  9:11  Zergling x8  
  179  9:12  Zergling x2  
  179  9:15  Overlord  
  186  9:21  Infestation Pit  
  185  9:26  Zergling x22  
  185  9:27  Overseer  
  185  9:28  Overseer  
  196  9:32  Overlord  
  196  9:36  Baneling x9  
  196  9:42  Zergling x2  
  196  9:43  Zergling x4  
  199  9:58  Hatchery  
  197  10:01  Zerg Missile Weapons Level 2  
  197  10:02  Zerg Ground Armor Level 1  
  194  10:11  Baneling x6  
  193  10:23  Baneling  
  193  10:24  Baneling x3  
  193  10:27  Extractor  
  193  10:28  Extractor  
  191  10:29  Hive  
  176  10:36  Zergling x2  
  176  10:37  Zergling x24  
  176  10:41  Baneling  
  173  10:48  Hydralisk x3  
  173  10:49  Zergling x16  
  173  10:56  Hydralisk x3  
  170  10:57  Zergling x2  
  170  11:04  Hydralisk x2  
  170  11:05  Zergling x8  
  170  11:16  Drone x2  
  170  11:17  Drone x2  
  174  11:18  Spire  
  174  11:20  Drone x2  
  174  11:24  Baneling x3  
  174  11:25  Baneling x8  
  175  11:32  Zergling x12  
  181  11:34  Spore Crawler, Spine Crawler x2  
  167  11:47  Hydralisk x5  
  167  11:48  Zergling x16  
  179  11:58  Hydralisk  
  179  11:59  Zergling x2, Hydralisk x2  
  179  12:00  Zergling x6  
  182  12:08  Hydralisk  
  175  12:09  Zergling x6  
  170  12:20  Hydralisk  
  170  12:21  Zergling x2, Hydralisk x2  
  170  12:22  Zergling x6  
  159  12:42  Hydralisk x3  
  159  12:43  Zergling x6  
  141  12:52  Baneling x4  
  141  12:56  Zergling x12  
Tags
 
Add a new tag
Caveats
  • Supply blocks, unpowered buildings, or Contaminate may cause inaccurate times.
  • Supply counts are checked every 10 seconds.